 Dungeon Crawl Stone Soup version 0.24.1-8-ga250c9d538 (webtiles) character file.

Game seed: 11893754844484054527, levelgen mode: deterministic

726 Peloso the Slasher (level 7, -3/60 HPs)
             Began as a Ghoul Fighter on May 1, 2020.
             Slain by an orc warrior
             ... wielding a cursed -1 hand axe
              (11 damage)
             ... on level 6 of the Dungeon.
             The game lasted 00:05:37 (2383 turns).

Peloso the Slasher (Ghoul Fighter)                  Turns: 2383, Time: 00:05:38

Health: -3/60      AC: 11    Str: 26    XL:     7   Next: 72%
Magic:  6/6        EV:  8    Int:  3    God:
Gold:   134        SH: 10    Dex:  9    Spells: 6/6 levels left

rFire    + . .     SeeInvis .   a - +0 long sword
rCold    + . .     Gourm    .   c - +0 shield
rNeg     + + +     Faith    .   r - +3 scale mail {rF+}
rPois    ∞         Spirit   .   (no helmet)
rElec    .         Reflect  .   (no cloak)
rCorr    .         Harm     .   l - +0 pair of gloves
MR       .....                  (no boots)
Stlth    ..........             (no amulet)
HPRegen  0.00/turn              (no ring)
MPRegen  0.10/turn              (no ring)

@: mighty, rotting
A: rotting body, claws 1, carnivore, cold resistance 1, negative energy
resistance 3, inhibited regeneration, torment resistance, unbreathing
a: no special abilities


You were on level 6 of the Dungeon.
You were not hungry.

You visited 1 branch of the dungeon, and saw 4 of its levels.

You collected 134 gold pieces.

Inventory:

Hand Weapons
 a - a +0 long sword (weapon)
Armour
 b - a +0 scale mail
 c - a +0 shield (worn)
 l - a +0 pair of gloves (worn)
 r - a +3 scale mail of fire resistance (worn)
Wands
 i - a wand of random effects (16)
Scrolls
 e - a scroll of magic mapping {unknown}
 g - 5 scrolls of identify {unknown}
 j - 3 scrolls of teleportation {unknown}
 m - 2 scrolls of remove curse {unknown}
 o - 2 scrolls of enchant weapon {unknown}
 p - a scroll of enchant armour {unknown}
 s - 2 scrolls of fear {unknown}
Potions
 h - a potion of degeneration {unknown}
 k - a potion of brilliance {unknown}
 q - a potion of heal wounds {unknown}
 t - a potion of lignification {unknown}
Comestibles
 f - 9 rations
 u - a chunk of flesh


   Skills:
 + Level 4.8 Fighting
 + Level 5.0 Long Blades
 + Level 4.4 Armour
 + Level 0.9 Dodging
 + Level 4.2 Shields


You had 6 spell levels left.
You didn't know any spells.
Your spell library was empty.

Dungeon Overview and Level Annotations

Branches:
Dungeon (3/15)

Altars:
Makhleb
Ru


Innate Abilities, Weirdness & Mutations

Your body is rotting away.
You thrive on raw meat.
You are immune to poison.
You have sharp fingernails.
You are carnivorous and can eat meat at any time.
Your flesh is cold resistant. (rC+)
You are immune to negative energy. (rN+++)
You do not regenerate when monsters are visible.
You are immune to unholy pain and torment.
You can survive without breathing.


Message History

The orc wizard looks satisfied for a moment.
You barely miss the orc warrior.
You hit the orc warrior but do no damage.
The orc wizard casts a cantrip, but nothing happens.
You block the orc warrior's attack.
You closely miss the orc warrior.
The orc warrior hits you with a cursed -1 hand axe!
You feel very mighty all of a sudden.
The orc warrior hits you with a cursed -1 hand axe!
* * * LOW HITPOINT WARNING * * *
You feel better.
The orc warrior hits you with a cursed -1 hand axe!
* * * LOW HITPOINT WARNING * * *
The orc wizard casts a cantrip, but nothing happens.
You slash the orc warrior!
The orc warrior is severely wounded.
The orc wizard mumbles some strange words.
The orc wizard blinks!
The orc warrior hits you with a cursed -1 hand axe!
You die...

####### #.....# #.....#####
### ####..$.o..§o# #.# ###
.....#...###o# ... ..#
.........###@# #.# #.#
#.$....<#....# #.# #.#
#.......#....## #.########.#
#............o####...........
#..............<.........##..
.....(........#####.####.##.#
#.......#...†## #.# #.###.
#[......#....# #.# #.....
##.##.....##.# #.# #####.


You could see an orc warrior and 2 orc wizards.

Vanquished Creatures
  Grinder (D:3)
  Sigmund (D:3)
  A centaur (D:2)
  An ogre (D:6)
  A hound (D:3)
  A bullfrog skeleton (D:6)
  Terence (D:3)
  A howler monkey zombie (D:6)
  A gnoll (D:1)
  4 adders
  A worm (D:2)
  A dart slug (D:2)
  3 leopard geckos
  6 orcs
  2 giant cockroaches (D:3)
  2 goblins (D:2)
  3 hobgoblins
  4 quokkas
  A ball python (D:3)
  8 bats
  5 frilled lizards
  10 kobolds
  5 rats
64 creatures vanquished.

Notes
Turn   | Place    | Note
-------+----------+-------------------------------------------
     0 | D:1      | Peloso the Ghoul Fighter began the quest for the Orb.
     0 | D:1      | Reached XP level 1. HP: 19/19 MP: 0/0
   123 | D:1      | Reached XP level 2. HP: 19/26 MP: 1/1
   729 | D:2      | Reached XP level 3. HP: 28/33 MP: 2/2
   741 | D:2      | Noticed a centaur
   754 | D:2      | Killed a centaur
   754 | D:2      | Reached skill level 2 in Long Blades
   754 | D:2      | Reached XP level 4. HP: 18/39 MP: 3/3
   884 | D:2      | Reached XP level 5. HP: 31/46 MP: 4/4
  1379 | D:3      | Noticed Sigmund
  1399 | D:3      | Killed Sigmund
  1399 | D:3      | Reached skill level 3 in Long Blades
  1399 | D:3      | Reached XP level 6. HP: 17/53 MP: 5/5
  1611 | D:3      | Noticed Grinder
  1633 | D:3      | Paralysed by Grinder for 5 turns
  1655 | D:3      | Killed Grinder
  1655 | D:3      | Reached skill level 4 in Long Blades
  1655 | D:3      | Reached XP level 7. HP: 49/59 MP: 6/6
  1860 | D:3      | Noticed Terence
  1866 | D:3      | Killed Terence
  1929 | D:3      | Found a burning altar of Makhleb.
  2130 | D:3      | You fall into a shaft and drop 3 floors!
  2133 | D:6      | Found a sacrificial altar of Ru.
  2331 | D:6      | Reached skill level 5 in Long Blades
  2383 | D:6      | Slain by an orc warrior

Levels and vault maps discovered:
D:1:      lemuel_arrival_broad_hall, layout_basic, serial_corexii_hall,
          corexii_hall_statues_u, chequers_hall_statues_corner_a, minivault_14,
          corexii_leaking_fountain, minmay_misc_feat_diagonals
D:2:      layout_rooms
D:3:      layout_basic, makhleb_heckhound_becter, first_ration,
          nemelex_spade_bored_becter, uniq_grinder, uniq_natasha, uniq_terence,
          uniq_sigmund
D:6:      layout_loops_ring, basic_altar, serial_shops, shop,
          nicolae_ru_sacrificial_ziggurat

Skill      XL: |  1  2  3  4  5  6  7 |
---------------+----------------------+-----
Shields        | 3 4 |  4.2
Armour         | 3 4 |  4.4
Fighting       | 4 |  4.8
Long Blades    | 2 3 4 5 |  5.0
Dodging        | |  0.9

Action                   |  1- 3 |  4- 6 |  7- 9 || total
-------------------------+-------+-------+-------++-------
Melee: Long sword        |    69 |    84 |   144 ||   297
  Use: Potion            |       |     1 |     2 ||     3
  Eat: Chunk             |       |     2 |     6 ||     8
Armor: Scale mail        |    14 |       |    34 ||    48
       Chain mail        |    52 |    60 |    43 ||   155
Dodge: Dodged            |    21 |    18 |    31 ||    70
Block: Shield            |    37 |    52 |    87 ||   176
       Rpst.: Long sword |     3 |     8 |    11 ||    22
